cohdb
Replays
Latest Replays
All Replays
Popular Replays
Top Player Replays
Match Explorer
How It Works
Community
CoH3 Stats
Reddit
Sign in to upload your games and track your stats! →
Sign in with Steam
Match 41881796
Unlisted
Match 41881796
Overview
Messages
Build Orders
End
Royal Engineer Section
Construct Section Command Post
Selects Australian Defense Battlegroup
Selects Australian Light Infantry Section
Dingo Light Scout Car
Infantry Section
Australian Light Infantry Section
Construct Platoon Command Post
Humber Armored Car
Royal Engineer Section
Selects 2-pounder Anti-tank Gun Team
Construct Field Infirmary
2-pounder Anti-tank Gun Team
Grenade Package
2-pounder Anti-tank Gun Team
Humber Armored Car
Infantry Section
Infantry Section
Construct Company Command Post
Matilda II Heavy Tank
Gilabert_Iridium
Tanith's Finest
0
0
Comments
sign in to comment!
No comments posted yet!